PL
ATLANTA SMOKE @ OAKLAND OAKS
09/13/2026
 
TOP OF THE 1ST
Atlanta Smoke batting - Pitching for Oakland Oaks : RHP José García
Pitching: RHP José García
Batting: LHB Bernardo Elías 0-0: Called Strike
0-1: Ball
1-1: Reached on error, E3 (Groundball, 34)
Batting: RHB Bartolo Morales 0-0: Ball
1-0: Called Strike
1-1: SINGLE (Groundball, 6D)
Bernardo Elías to second
Batting: LHB Albert Morán 0-0: Ball
1-0: SINGLE (Flyball, 9S)
Bernardo Elías to third
Bartolo Morales to second
Batting: RHB Gabriel Maldonado 0-0: Called Strike
0-1: Ball
1-1: Ball
2-1: Swinging Strike
2-2: Strikes out swinging
Batting: LHB Ned Durand 0-0: Ball
1-0: Called Strike
1-1: Ball
2-1: Ball
3-1: SINGLE (Groundball, 4S) (infield hit)
Bernardo Elías scores
Bartolo Morales to third
Albert Morán to second
Batting: RHB Gerardo Castillo 0-0: Called Strike
0-1: Called Strike
0-2: DOUBLE (Line Drive, 78D)
Bartolo Morales scores
Albert Morán scores
Ned Durand to third
Batting: RHB Layton Templeman 0-0: Ball
1-0: Foul Ball, location: 2F
1-1: Fly out, F7 (Flyball, 78D)
Runner from 3rd tags up, SCORES, throw made
Batting: RHB Clarence Fox 0-0: Fly out, F3 (Flyball, 3D)
Top of the 1st over - 4 run(s), 4 hit(s), 1 error(s), 1 left on base; Atlanta 4 - Oakland 0
BOTTOM OF THE 1ST
Oakland Oaks batting - Pitching for Atlanta Smoke : RHP Fraser Cuevas
Pitching: RHP Fraser Cuevas
Batting: LHB Jorge Vargas 0-0: Ball
1-0: Called Strike
1-1: Ball
2-1: Ball
3-1: Base on Balls
Batting: LHB Todd Henry 0-0: Foul Ball, location: 2F
0-1: 2-RUN HOME RUN (Flyball, 89XD), Distance : 398 ft
Batting: LHB Edwin Church 0-0: Ball
1-0: Ball
2-0: Called Strike
2-1: Swinging Strike
2-2: Foul Ball, location: 2F
2-2: Foul Ball, location: 2F
2-2: Fly out, F9 (Flyball, 89S)
Batting: LHB Mal Wadley 0-0: Called Strike
0-1: Ball
1-1: Ground out 1-3 (Groundball, 13)
Batting: LHB Todd Williams 0-0: Ball
1-0: Ball
2-0: Foul Ball, location: 2F
2-1: Foul Ball, location: 2F
2-2: Fly out, F4 (Line Drive, 4)
Bottom of the 1st over - 2 run(s), 1 hit(s), 0 error(s), 0 left on base; Atlanta 4 - Oakland 2
TOP OF THE 2ND
Atlanta Smoke batting - Pitching for Oakland Oaks : RHP José García
Batting: RHB Travis Newsome 0-0: Foul Ball, location: 2F
0-1: Ball
1-1: Fly out, F8 (Flyball, 8LM)
Batting: LHB Bernardo Elías 0-0: Ball
1-0: Called Strike
1-1: Foul Ball, location: 2F
1-2: Ground out U3 (Groundball, 34)
Batting: RHB Bartolo Morales 0-0: Ball
1-0: Ball
2-0: Ball
3-0: Called Strike
3-1: Base on Balls
Batting: LHB Albert Morán 0-0: Ball
Wild Pitch!
Bartolo Morales to second
1-0: Foul Ball, location: 2F
1-1: Ball
2-1: DOUBLE (Line Drive, 9LM)
Bartolo Morales scores
Batting: RHB Gabriel Maldonado 0-0: Called Strike
0-1: Ball
1-1: Foul Ball, location: 2F
1-2: Ball
2-2: SINGLE (Groundball, 4MD)
Albert Morán to third
Runner from 3rd tries for Home, SAFE, no throw
Batting: LHB Ned Durand 0-0: Called Strike
0-1: Fly out, F7 (Flyball, 7LS)
Top of the 2nd over - 2 run(s), 2 hit(s), 0 error(s), 1 left on base; Atlanta 6 - Oakland 2
BOTTOM OF THE 2ND
Oakland Oaks batting - Pitching for Atlanta Smoke : RHP Fraser Cuevas
Batting: LHB Jesús Quintanilla 0-0: Called Strike
0-1: Swinging Strike
0-2: Ground out 3-1 (Groundball, 34)
Batting: SHB Esteban Lugo 0-0: Ball
1-0: Ball
2-0: Foul Ball, location: 2F
2-1: Called Strike
2-2: Strikes out looking
Batting: LHB Pedro Tapia 0-0: Ball
1-0: Foul Ball, location: 2F
1-1: Called Strike
1-2: Strikes out swinging
Bottom of the 2nd over - 0 run(s), 0 hit(s), 0 error(s), 0 left on base; Atlanta 6 - Oakland 2
TOP OF THE 3RD
Atlanta Smoke batting - Pitching for Oakland Oaks : RHP José García
Batting: RHB Gerardo Castillo 0-0: Ball
1-0: Foul Ball, location: 2F
1-1: Ball
2-1: Foul Ball, location: 2F
2-2: Fly out, F7 (Flyball, 78D)
Pitching: RHP Gil Brown
Batting: RHB Layton Templeman 0-0: Ball
1-0: Called Strike
1-1: Fly out, F7 (Flyball, 7S)
Batting: RHB Clarence Fox 0-0: Ball
1-0: Foul Ball, location: 2F
1-1: Ball
2-1: Fly out, F6 (Line Drive, 6)
Top of the 3rd over - 0 run(s), 0 hit(s), 0 error(s), 0 left on base; Atlanta 6 - Oakland 2
BOTTOM OF THE 3RD
Oakland Oaks batting - Pitching for Atlanta Smoke : RHP Fraser Cuevas
Batting: RHB Dave Henderson 0-0: Called Strike
0-1: Ball
1-1: SINGLE (Groundball, 4MD)
Batting: LHB Jorge Vargas 0-0: Ball
Dave Henderson steals 2nd base
1-0: Swinging Strike
1-1: Ball
2-1: Foul Ball, location: 2F
2-2: Foul Ball, location: 2F
2-2: Foul Ball, location: 2F
2-2: Fly out, F7 (Flyball, 7LSF)
Batting: LHB Todd Henry 0-0: Called Strike
0-1: SINGLE (Groundball, 34D)
Dave Henderson to third
Runner from 3rd tries for Home, SAFE, no throw
Batting: LHB Edwin Church 0-0: Swinging Strike
0-1: Grounds into double play, 4-6-3 (Groundball, 34D)
Bottom of the 3rd over - 1 run(s), 2 hit(s), 0 error(s), 0 left on base; Atlanta 6 - Oakland 3
TOP OF THE 4TH
Atlanta Smoke batting - Pitching for Oakland Oaks : RHP Gil Brown
Batting: RHB Travis Newsome 0-0: Foul Ball, location: 2F
0-1: Swinging Strike
0-2: Ball
1-2: Foul Ball, location: 2F
1-2: Fly out, F7 (Line Drive, 7)
Batting: LHB Bernardo Elías 0-0: Called Strike
0-1: DOUBLE (Line Drive, 9LM)
Pinch Runner at 2nd Yong-oon Yi:
Batting: RHB Bartolo Morales 0-0: Ground out 6-3 (Groundball, 6)
Batting: LHB Albert Morán 0-0: Ball
1-0: Ball
2-0: DOUBLE (Flyball, 8RXD)
Yong-oon Yi scores
Pinch Runner at 2nd Arturo Maldonado:
Batting: RHB Gabriel Maldonado 0-0: Called Strike
0-1: Ball
1-1: SINGLE (Groundball, 6MD)
Arturo Maldonado to third
Runner from 3rd tries for Home, SAFE, no throw
Pitching: RHP Júlio Saldaña
Batting: LHB Ned Durand 0-0: Ball
1-0: Ball
2-0: SINGLE (Flyball, 7S)
Gabriel Maldonado to second
Batting: RHB Gerardo Castillo 0-0: Ball
1-0: Ball
2-0: Ball
3-0: Called Strike
3-1: Called Strike
3-2: Base on Balls
Gabriel Maldonado to third
Ned Durand to second
Batting: RHB Layton Templeman 0-0: Ball
1-0: Ball
2-0: Fly out, F7 (Flyball, 7S)
Top of the 4th over - 2 run(s), 4 hit(s), 0 error(s), 3 left on base; Atlanta 8 - Oakland 3
BOTTOM OF THE 4TH
Oakland Oaks batting - Pitching for Atlanta Smoke : RHP Fraser Cuevas
Now in LF: Arturo Maldonado
Now in RF: Yong-oon Yi
Batting: LHB Mal Wadley 0-0: Called Strike
0-1: Ball
1-1: Called Strike
1-2: Fly out, F7 (Flyball, 7)
Batting: LHB Todd Williams 0-0: Ball
1-0: Fly out, F7 (Flyball, 7)
Batting: LHB Jesús Quintanilla 0-0: Ball
1-0: Called Strike
1-1: Ground out 6-3 (Groundball, 6)
Bottom of the 4th over - 0 run(s), 0 hit(s), 0 error(s), 0 left on base; Atlanta 8 - Oakland 3
TOP OF THE 5TH
Atlanta Smoke batting - Pitching for Oakland Oaks : RHP Júlio Saldaña
Batting: RHB Clarence Fox 0-0: Ground out 4-3 (Groundball, 4)
Batting: RHB Travis Newsome 0-0: Foul Ball, location: 2F
0-1: Ball
1-1: SINGLE (Groundball, 56D)
Batting: RHB Yong-oon Yi 0-0: Ball
1-0: Ball
2-0: Ball
3-0: Called Strike
3-1: Foul Ball, location: 2F
3-2: Base on Balls
Travis Newsome to second
Pitching: RHP Mark Simmons
Batting: RHB Bartolo Morales 0-0: Foul Ball, location: 2F
0-1: Ball
1-1: Ball
2-1: Ball
3-1: SINGLE (Groundball, 56) (infield hit)
Travis Newsome to third
Yong-oon Yi to second
Batting: RHB Arturo Maldonado 0-0: Called Strike
0-1: Fly out, F7 (Flyball, 7LDF)
Runner from 3rd tags up, SCORES, no throw
Batting: RHB Gabriel Maldonado 0-0: Called Strike
0-1: Ball
1-1: Ball
2-1: Called Strike
2-2: Ball
3-2: Base on Balls
Yong-oon Yi to third
Bartolo Morales to second
Batting: LHB Ned Durand 0-0: Ball
1-0: Ball
2-0: Foul Ball, location: 2F
2-1: Fly out, F9 (Flyball, 89D)
Top of the 5th over - 1 run(s), 2 hit(s), 0 error(s), 3 left on base; Atlanta 9 - Oakland 3
BOTTOM OF THE 5TH
Oakland Oaks batting - Pitching for Atlanta Smoke : RHP Fraser Cuevas
Batting: SHB Esteban Lugo 0-0: Ball
1-0: Fly out, F7 (Flyball, 78S)
Batting: LHB Pedro Tapia 0-0: Ball
1-0: Called Strike
1-1: Ball
2-1: Foul Ball, location: 2F
2-2: SINGLE (Line Drive, 56D)
Batting: RHB Dave Henderson 0-0: Ball
1-0: Fly out, F7 (Flyball, 7S)
Batting: LHB Jorge Vargas 0-0: Swinging Strike
0-1: Ball
1-1: Ball
2-1: Swinging Strike
2-2: DOUBLE (Line Drive, 5D)
Pedro Tapia to third
Runner from 3rd tries for Home, SAFE, no throw
Batting: LHB Todd Henry 0-0: Ball
1-0: Fly out, F8 (Line Drive, 8RD)
Bottom of the 5th over - 1 run(s), 2 hit(s), 0 error(s), 1 left on base; Atlanta 9 - Oakland 4
TOP OF THE 6TH
Atlanta Smoke batting - Pitching for Oakland Oaks : RHP Mark Simmons
Batting: RHB Gerardo Castillo 0-0: Swinging Strike
0-1: SINGLE (Groundball, 34D)
Batting: RHB Layton Templeman 0-0: Grounds into double play, 5-4-3 (Groundball, 56)
Batting: RHB Clarence Fox 0-0: Ball
1-0: Ball
2-0: Ball
3-0: Called Strike
3-1: SINGLE (Groundball, 4D)
Pitching: LHP Ángelo Méndez
Batting: RHB Travis Newsome 0-0: Ball
1-0: Called Strike
1-1: Ball
2-1: Swinging Strike
2-2: SINGLE (Groundball, 56D)
Clarence Fox to second
Batting: RHB Yong-oon Yi 0-0: Swinging Strike
0-1: Ball
1-1: SINGLE (Flyball, 78S)
Clarence Fox to third
Travis Newsome to second
Runner from 3rd tries for Home, SAFE, no throw
Batting: RHB Bartolo Morales 0-0: Swinging Strike
0-1: Ball
1-1: SINGLE (Groundball, 23) (infield hit)
Travis Newsome to third
Yong-oon Yi to second
Batting: RHB Arturo Maldonado 0-0: Called Strike
0-1: Ball
1-1: Ball
2-1: Foul Ball, location: 2F
2-2: Ball
3-2: Ground out 6-3 (Groundball, 6S)
Top of the 6th over - 1 run(s), 5 hit(s), 0 error(s), 3 left on base; Atlanta 10 - Oakland 4
BOTTOM OF THE 6TH
Oakland Oaks batting - Pitching for Atlanta Smoke : RHP Fraser Cuevas
Batting: LHB Edwin Church 0-0: Called Strike
0-1: Ball
1-1: SINGLE (Line Drive, 89S)
Batting: LHB Mal Wadley 0-0: Foul Ball, location: 2F
0-1: Swinging Strike
0-2: Ball
1-2: Strikes out swinging
Batting: LHB Todd Williams 0-0: Called Strike
0-1: Fly out, F3 (Line Drive, 3S)
Batting: LHB Jesús Quintanilla 0-0: Ball
1-0: Foul Ball, location: 2F
1-1: Called Strike
1-2: Ball
2-2: Foul Ball, location: 2F
2-2: Ball
3-2: Strikes out looking
Bottom of the 6th over - 0 run(s), 1 hit(s), 0 error(s), 1 left on base; Atlanta 10 - Oakland 4
TOP OF THE 7TH
Atlanta Smoke batting - Pitching for Oakland Oaks : LHP Ángelo Méndez
Batting: RHB Gabriel Maldonado 0-0: Fly out, F8 (Flyball, 8RD)
Batting: LHB Ned Durand 0-0: Ball
1-0: Ball
2-0: Called Strike
2-1: DOUBLE (Flyball, 8LXD)
Batting: RHB Gerardo Castillo 0-0: Called Strike
0-1: Foul Ball, location: 2F
0-2: Ground out 3-1 (Groundball, 34)
Ned Durand to third
Batting: RHB Layton Templeman 0-0: Ball
1-0: Called Strike
1-1: Ball
2-1: SINGLE (Groundball, 3D)
Ned Durand scores
Batting: RHB Clarence Fox 0-0: Called Strike
0-1: Ground out 1-3 (Groundball, P)
Top of the 7th over - 1 run(s), 2 hit(s), 0 error(s), 1 left on base; Atlanta 11 - Oakland 4
BOTTOM OF THE 7TH
Oakland Oaks batting - Pitching for Atlanta Smoke : RHP Fraser Cuevas
Batting: SHB Esteban Lugo 0-0: Ball
1-0: Called Strike
1-1: Foul Ball, location: 2F
1-2: SINGLE (Groundball, 4MD)
Batting: LHB Pedro Tapia 0-0: Ball
1-0: Foul Ball, location: 2F
1-1: Ball
2-1: Fielders Choice at 2nd, 3-6 (Groundball, 34)
Pitching: RHP Ricardo Gómez
Batting: RHB Dave Henderson 0-0: Ball
Pedro Tapia steals 2nd base
1-0: Called Strike
Pedro Tapia steals 3rd base
1-1: SINGLE (Line Drive, 9LS)
Pedro Tapia scores
Batting: LHB Jorge Vargas 0-0: Ball
Dave Henderson steals 2nd base
1-0: Fly out, F7 (Flyball, 7LSF)
Batting: LHB Todd Henry 0-0: Ball
1-0: Foul Ball, location: 2F
1-1: Ball
2-1: Fly out, F8 (Line Drive, 8RD)
Bottom of the 7th over - 1 run(s), 2 hit(s), 0 error(s), 1 left on base; Atlanta 11 - Oakland 5
TOP OF THE 8TH
Atlanta Smoke batting - Pitching for Oakland Oaks : LHP Ángelo Méndez
Batting: RHB Travis Newsome 0-0: Ball
1-0: Ball
2-0: Ball
3-0: Base on Balls
Batting: RHB Yong-oon Yi 0-0: Foul Ball, location: 2F
0-1: Fly out, F6 (Popup, 56D)
Batting: RHB Bartolo Morales 0-0: Called Strike
0-1: Ball
1-1: Called Strike
1-2: Ball
2-2: Strikes out looking
Batting: RHB Arturo Maldonado 0-0: SINGLE (Line Drive, 78S)
Travis Newsome to second
Batting: RHB Gabriel Maldonado 0-0: Swinging Strike
0-1: Swinging Strike
0-2: Foul Ball, location: 2F
0-2: Strikes out swinging
Top of the 8th over - 0 run(s), 1 hit(s), 0 error(s), 2 left on base; Atlanta 11 - Oakland 5
BOTTOM OF THE 8TH
Oakland Oaks batting - Pitching for Atlanta Smoke : RHP Ricardo Gómez
Batting: LHB Edwin Church 0-0: Called Strike
0-1: Fly out, F9 (Flyball, 9LM)
Batting: LHB Mal Wadley 0-0: Called Strike
0-1: Ball
1-1: Ball
2-1: Foul Ball, location: 2F
2-2: Ball
3-2: Foul Ball, location: 2F
3-2: Base on Balls
Batting: LHB Todd Williams 0-0: Ball
1-0: Called Strike
1-1: Ground out 3-1 (Groundball, 34S)
Mal Wadley to second
Batting: LHB Jesús Quintanilla 0-0: Ball
1-0: Ball
2-0: Ball
3-0: Base on Balls
Batting: SHB Esteban Lugo 0-0: Fielders Choice at 2nd, 4-6 (Groundball, 4)
Bottom of the 8th over - 0 run(s), 0 hit(s), 0 error(s), 1 left on base; Atlanta 11 - Oakland 5
TOP OF THE 9TH
Atlanta Smoke batting - Pitching for Oakland Oaks : LHP Ángelo Méndez
Batting: LHB Ned Durand 0-0: Fly out, F8 (Flyball, 8LS)
Batting: RHB Gerardo Castillo 0-0: Ball
1-0: Called Strike
1-1: Fly out, F8 (Flyball, 78XD)
Batting: RHB Layton Templeman 0-0: Called Strike
0-1: Ball
1-1: Ground out 6-3 (Groundball, 6)
Top of the 9th over - 0 run(s), 0 hit(s), 0 error(s), 0 left on base; Atlanta 11 - Oakland 5
BOTTOM OF THE 9TH
Oakland Oaks batting - Pitching for Atlanta Smoke : RHP Ricardo Gómez
Batting: LHB Pedro Tapia 0-0: Foul Ball, location: 2F
0-1: Swinging Strike
0-2: Fly out, F5 (Line Drive, 5)
Batting: RHB Dave Henderson 0-0: Ball
1-0: Swinging Strike
1-1: Ground out 5-3 (Groundball, 5)
Batting: LHB Jorge Vargas 0-0: Ball
1-0: Ground out 4-3 (Groundball, 4)
Bottom of the 9th over - 0 run(s), 0 hit(s), 0 error(s), 0 left on base; Atlanta 11 - Oakland 5
Monday, March 20th, 2017 - OOTP Baseball 17.12 Build 75